 Dungeon Crawl Stone Soup version 0.31-a0-210-gccc998df9b (webtiles) character file.

Game seed: 15137476304355597491

140 qw the Chopper (level 5, -1/32 HPs)
             Began as a Gargoyle Fighter on June 29, 2023.
             Slain by a black bear (6 damage)
             ... on level 4 of the Dungeon.
             The game lasted 00:00:34 (1075 turns).

qw the Chopper (Gargoyle Fighter)                   Turns: 1075, Time: 00:00:35

Health: -1/32      AC: 10    Str: 21    XL:     5   Next: 23%
Magic:  5/5        EV:  9    Int:  9    God:
Gold:   62         SH:  4    Dex:  9    Spells: 4/4 levels left

rFire   . . .        Y - +0 war axe
rCold   . . .        c - +0 buckler
rNeg    + . .        b - +0 scale mail
rPois   inf          (no helmet)
rElec   +            (no cloak)
rCorr   .            (no gloves)
SInv    .            (no boots)
Will    .....        (no amulet) Stlth
                     (no ring)
HPRegen 0.25/turn    (no ring)
MPRegen 0.09/turn

%: no passive effects
@: no status effects
A: sickness immunity, AC +4, negative energy resistance 1, electricity
resistance, torment resistance 1, petrification resistance
a: no special abilities


You were on level 4 of the Dungeon.
You visited 1 branch of the dungeon, and saw 3 of its levels.

You collected 62 gold pieces.


Innate Abilities, Weirdness & Mutations

You are immune to sickness and miasma.
Your stone body is resilient. (AC +4)
You are immune to poison.
You resist negative energy. (rN+)
You are resistant to electric shocks. (rElec)
You are resistant to unholy torment.
You are immune to petrification.


   Skills:
 - Level 3.2 Fighting
 + Level 4.5 Axes
 - Level 1.3 Throwing
 - Level 3.2 Armour
 - Level 3.2 Shields


You had 4 spell levels left.
You didn't know any spells.
Your spell library was empty.

Inventory:

Hand Weapons
 l - a +0 mace
 Y - a +0 war axe (weapon)
Missiles
 i - 4 boomerangs (quivered)
Armour
 b - a +0 scale mail (worn)
 c - a +0 buckler (worn)
Scrolls
 e - a scroll of blinking {unknown}
 g - a scroll of identify {unknown}
Potions
 a - a potion of enlightenment {unknown}
 d - a potion of might
 f - a potion of mutation {unknown}
 p - a potion of magic {unknown}
 q - a potion of lignification {unknown}

Dungeon Overview and Level Annotations

Branches:
Dungeon (2/15)

Altars:


Message History

The black bear bites you but does no damage.
The black bear claws you but does no damage. x2
You slash the black bear!
The black bear is almost dead.
The black bear goes berserk!
The black bear barely misses you.
The black bear claws you but does no damage.
The black bear closely misses you.
You closely miss the black bear.
The black bear is almost dead.
The black bear bites you but does no damage.
The black bear closely misses you. The black bear claws you.
The black bear bites you!
The black bear claws you but does no damage.
The black bear claws you.
You closely miss the black bear.
The black bear is almost dead.
You block the black bear's attack.
The black bear claws you but does no damage.
The black bear closely misses you. x2
The black bear claws you but does no damage.
You block the black bear's attack.
You hit the black bear.
The black bear is almost dead.
A jackal comes into view.
The black bear bites you! The black bear claws you.
The black bear claws you but does no damage.
The black bear bites you. The black bear barely misses you.
The black bear claws you but does no damage.
You closely miss the black bear.
The black bear is almost dead.
The jackal barks!
You hear a bark!
You hear an angry hiss.
A jackal comes into view.
The black bear closely misses you. The black bear claws you.
The black bear claws you but does no damage.
The black bear barely misses you. x2; The black bear claws you.
The jackal barks!
You hit the black bear.
The black bear is almost dead.
You block the black bear's attack. The black bear claws you.
You die...

... .... .. .#####..##
#. # ..#..#...#..... ##
.........#....# ##.# .#
#>...... #.# ...###.
.###.....# ##.## .......
.........###...# .......
.#.......##....##.......
........#.....#.@h..h.h(
.#.........%..#.........
##........##%....##.....
##.......#.......# ...(
#..####.###.#.........(
#[.. #...............#
#.... ................#
...........#.........#
.....###.....###


You could see a black bear (berserk) and 2 jackals.

Vanquished Creatures
  A sleepcap (D:4)
  An iguana (D:4)
  3 gnolls (D:2)
  An adder (D:4)
  A worm (D:2)
  3 dart slugs
  4 ball pythons
  2 bats
  5 endoplasms
  A giant cockroach (D:2)
  5 goblins
  3 hobgoblins
  2 jackals (D:1)
  A quokka (D:2)
  2 frilled lizards
  2 kobolds (D:1)
  2 rats
39 creatures vanquished.

Notes
Turn   | Place    | Note
-------+----------+-------------------------------------------
     0 | D:1      | qw the Gargoyle Fighter began the quest for the Orb.
     0 | D:1      | Reached XP level 1. HP: 14/14 MP: 1/1
     0 | D:1      | 0 ||| qw: Version: 0.3-a-24-g62f9e04
     0 | D:1      | 0 ||| qw: Game counter: 6691
     0 | D:1      | 0 ||| qw: Melee chars always use a shield: true
     0 | D:1      | 0 ||| qw: God list: Okawaru
     0 | D:1      | 0 ||| qw: Allow faded altars: false
     0 | D:1      | 0 ||| qw: Do Orc after clearing Dungeon:15 true
     0 | D:1      | 0 ||| qw: Do second Lair branch before Depths: true
     0 | D:1      | 0 ||| qw: Lair rune preference: random
     0 | D:1      | 0 ||| qw: Goals: Normal, Zot:1-4, Slime:5, God:TSO, Crypt,
                  | Tomb, Abyss, Pan, Hells, Win
     0 | D:1      | 0 ||| PLANNING D:1-11
    18 | D:1      | 18 ||| Stepping ~*~*~tactically~*~*~ (stealth).
    25 | D:1      | Found a faded altar of an unknown god.
    28 | D:1      | Reached skill level 2 in Axes
    62 | D:1      | 62 ||| Stepping ~*~*~tactically~*~*~ (hiding).
    67 | D:1      | Reached XP level 2. HP: 19/19 MP: 2/2
   310 | D:1      | 310 ||| Stepping ~*~*~tactically~*~*~ (stealth).
   312 | D:1      | 312 ||| Stepping ~*~*~tactically~*~*~ (stealth).
   315 | D:1      | 315 ||| Stepping ~*~*~tactically~*~*~ (stealth).
   430 | D:1      | Reached skill level 3 in Axes
   472 | D:1      | Reached XP level 3. HP: 23/23 MP: 3/3
   745 | D:1      | 745 ||| READING scroll labelled HOJATU GIPAG.
   746 | D:1      | 746 ||| READING 3 scrolls labelled EKUMAI MEMMALO.
   747 | D:1      | 747 ||| READING scroll labelled UNKOST MEYPRI.
   751 | D:1      | 751 ||| READING scroll labelled LYCVELU FOLYUMM.
   752 | D:1      | 752 ||| READING scroll labelled FULOSE XEEMOSUIFF.
   753 | D:1      | 753 ||| READING scroll labelled EFAUSI NUSK.
   754 | D:1      | 754 ||| DRINKING 3 blue potions.
   755 | D:1      | 755 ||| DROPPING 2 scrolls of revelation.
   756 | D:1      | 756 ||| DROPPING 2 potions of invisibility.
   764 | D:2      | 764 ||| Stepping ~*~*~tactically~*~*~ (stealth).
   777 | D:2      | Reached skill level 1 in Throwing
   790 | D:2      | Reached XP level 4. HP: 19/28 MP: 4/4
   846 | D:2      | 846 ||| Stepping ~*~*~tactically~*~*~ (stealth).
  1009 | D:2      | You fall into a shaft and drop 2 floors!
  1021 | D:4      | Reached skill level 4 in Axes
  1063 | D:4      | Noticed a black bear
  1067 | D:4      | Reached XP level 5. HP: 32/32 MP: 5/5
  1073 | D:4      | HP: 7/32 [black bear (2)]
  1075 | D:4      | Slain by a black bear

Levels and vault maps discovered:
D:1:      evilmike_arrival_plus, layout_loops_ring,
          hellmonk_ecumenical_altar_blasted, minmay_crystal_room,
          solitary_fountain, chequers_serial_rivers_small_3
D:2:      layout_basic, nicolae_underground_beach, uniq_natasha
D:4:      layout_cave_pools, uniq_blork_the_orc

Skill      XL: |  1  2  3  4 |
---------------+-------------+-----
Axes           | 2 3 4 |  4.5
Throwing       | 1 |  1.3
Fighting       | |  3.2
Armour         | |  3.2
Shields        | |  3.2

Action                     |  1- 3 |  4- 6 || total
---------------------------+-------+-------++-------
  Melee: War axe           |    40 |    35 ||    75
  Throw: Javelin           |    16 |    16 ||    32
         Boomerang         |     7 |     7 ||    14
    Use: Scroll            |     6 |       ||     6
         Potion            |     1 |       ||     1
   Stab: Invisible         |     1 |       ||     1
 Armour: Scale mail        |    20 |    28 ||    48
  Dodge: Dodged            |    26 |    22 ||    48
  Block: Buckler           |     8 |     8 ||    16

Table legend:
 A = Non-vault XP
 B = Vault XP
 C = Vault XP percentage of total XP
 D = Non-vault monster count
 E = Vault monster count
 F = Vault count percentage of total count
                 A         B        C        D         E       F
            +---------+---------+-------+---------+---------+-------
      Total |     201 |       0 |   0.0 |      39 |       0 |   0.0
            +---------+---------+-------+---------+---------+-------
        D:1 |      42 |       0 |   0.0 |      21 |       0 |   0.0
        D:2 |      63 |       0 |   0.0 |      13 |       0 |   0.0
        D:4 |      96 |       0 |   0.0 |       5 |       0 |   0.0
            +---------+---------+-------+---------+---------+-------
